TOP OF THE 1ST |
Maui Tropics batting - Pitching for Birmingham Steeldogs : RHP Arthur Green
|
Pitching: RHP Arthur Green
|
|
Batting: LHB Mario Olivares
|
0-0: Ground out U3 (Groundball, 3)
|
Batting: LHB Juan Jose Rojas
|
0-0: Ball 1-0: Swinging Strike 1-1: Foul Ball, location: 2F 1-2: SINGLE (Line Drive, 34)
|
Batting: RHB Jesús Espinoza
|
0-0: Ball 1-0: Called Strike 1-1: Grounds into double play, 6-4-3 (Groundball, 6M)
|
Top of the 1st over - 0 run(s), 1 hit(s), 0 error(s), 0 left on base; Maui 0 - Birmingham 0 |
BOTTOM OF THE 1ST |
Birmingham Steeldogs batting - Pitching for Maui Tropics : RHP Pat Stuckey
|
Pitching: RHP Pat Stuckey
|
|
Batting: LHB Glenn Garrett
|
0-0: Ball 1-0: Called Strike 1-1: Ball 2-1: Ball 3-1: Called Strike 3-2: Foul Ball, location: 2F 3-2: Base on Balls
|
Batting: RHB Jorge Canó
|
0-0: Fly out, F9 (Flyball, 9LM)
|
Batting: LHB José Sánchez
|
0-0: Ball 1-0: Ball 2-0: Ball 3-0: Called Strike 3-1: Grounds into double play, 6-4-3 (Groundball, 6M)
|
Bottom of the 1st over - 0 run(s), 0 hit(s), 0 error(s), 0 left on base; Maui 0 - Birmingham 0 |
TOP OF THE 2ND |
Maui Tropics batting - Pitching for Birmingham Steeldogs : RHP Arthur Green
|
Batting: LHB Luis Antonio Torres
|
0-0: Ball 1-0: Ball 2-0: Called Strike 2-1: Fly out, F7 (Flyball, 7LMF)
|
Batting: LHB Juan Carlos Sánchez
|
0-0: Called Strike 0-1: Called Strike 0-2: Strikes out swinging
|
Batting: LHB Doyle Otterburn
|
0-0: Ball 1-0: Ball 2-0: Foul Ball, location: 2F 2-1: Ball 3-1: Swinging Strike 3-2: Fly out, F7 (Line Drive, 7S)
|
Top of the 2nd over - 0 run(s), 0 hit(s), 0 error(s), 0 left on base; Maui 0 - Birmingham 0 |
BOTTOM OF THE 2ND |
Birmingham Steeldogs batting - Pitching for Maui Tropics : RHP Pat Stuckey
|
Batting: SHB Jesús Ramírez
|
0-0: Called Strike 0-1: Swinging Strike 0-2: Strikes out swinging
|
Batting: LHB Arturo Molina
|
0-0: Ball 1-0: Called Strike 1-1: SOLO HOME RUN (Flyball, 89XD), Distance : 468 ft
|
Batting: LHB Chris Miller
|
0-0: Ball 1-0: Called Strike 1-1: Foul Ball, location: 2F 1-2: Foul Ball, location: 2F 1-2: Ball 2-2: Foul Ball, location: 2F 2-2: Strikes out looking
|
Batting: RHB Raúl Soto
|
0-0: Called Strike 0-1: Ground out 2-3 (Groundball, 25)
|
Bottom of the 2nd over - 1 run(s), 1 hit(s), 0 error(s), 0 left on base; Maui 0 - Birmingham 1 |
TOP OF THE 3RD |
Maui Tropics batting - Pitching for Birmingham Steeldogs : RHP Arthur Green
|
Batting: LHB Henry Huffman
|
0-0: Called Strike 0-1: Ball 1-1: SINGLE (Groundball, 4MD)
|
Batting: SHB Tom Stevens
|
0-0: Called Strike 0-1: Called Strike 0-2: Foul Ball, location: 2F 0-2: Foul Ball, location: 2F 0-2: Ball 1-2: Foul Ball, location: 2F 1-2: Grounds out, U3 (Groundball, 3L)
|
Batting: RHB Phil White
|
0-0: Ball Henry Huffman is caught stealing 3rd base 1-0: SINGLE (Line Drive, 8LS)
|
Batting: LHB Mario Olivares
|
0-0: Called Strike 0-1: Ball 1-1: Ball 2-1: Foul Ball, location: 2F 2-2: Strikes out looking
|
Top of the 3rd over - 0 run(s), 2 hit(s), 0 error(s), 1 left on base; Maui 0 - Birmingham 1 |
BOTTOM OF THE 3RD |
Birmingham Steeldogs batting - Pitching for Maui Tropics : RHP Pat Stuckey
|
Batting: LHB Mitchell Oglethorpe
|
0-0: Ball 1-0: Called Strike 1-1: Ball 2-1: Ball 3-1: Called Strike 3-2: Foul Ball, location: 2F 3-2: SINGLE (Groundball, 23) (infield hit)
|
Batting: SHB Masafumi Azuma
|
0-0: Ground out 3-1 (Groundball, 34S) Mitchell Oglethorpe to second
|
Batting: LHB Glenn Garrett
|
0-0: Ball 1-0: SINGLE (Flyball, 9S) Mitchell Oglethorpe to third
|
Batting: RHB Jorge Canó
|
0-0: Ball 1-0: Called Strike 1-1: Ball 2-1: Ball 3-1: Swinging Strike 3-2: Strikes out swinging Glenn Garrett is caught stealing 2nd base Batter strikes out.
|
Bottom of the 3rd over - 0 run(s), 2 hit(s), 0 error(s), 1 left on base; Maui 0 - Birmingham 1 |
TOP OF THE 4TH |
Maui Tropics batting - Pitching for Birmingham Steeldogs : RHP Arthur Green
|
Batting: LHB Juan Jose Rojas
|
0-0: Called Strike 0-1: Called Strike 0-2: Foul Ball, location: 2F 0-2: Ball 1-2: Foul Ball, location: 2F 1-2: Foul Ball, location: 2F 1-2: Ball 2-2: Ball 3-2: SINGLE (Line Drive, 3D)
|
Batting: RHB Jesús Espinoza
|
0-0: Ball 1-0: Called Strike 1-1: Foul Ball, location: 2F 1-2: Ball 2-2: Ball 3-2: DOUBLE (Flyball, 8LD) Juan Jose Rojas to third
|
Batting: LHB Luis Antonio Torres
|
0-0: Called Strike 0-1: Foul Ball, location: 2F 0-2: Ball 1-2: Strikes out swinging
|
Batting: LHB Juan Carlos Sánchez
|
0-0: Ground out 4-3 (Groundball, 4) Juan Jose Rojas scores Jesús Espinoza to third
|
Batting: LHB Doyle Otterburn
|
0-0: Ball 1-0: Called Strike 1-1: Ball 2-1: Called Strike 2-2: Ball 3-2: Foul Ball, location: 2F 3-2: Foul Ball, location: 2F 3-2: Foul Ball, location: 2F 3-2: Ground out U3 (Groundball, 3)
|
Top of the 4th over - 1 run(s), 2 hit(s), 0 error(s), 1 left on base; Maui 1 - Birmingham 1 |
BOTTOM OF THE 4TH |
Birmingham Steeldogs batting - Pitching for Maui Tropics : RHP Pat Stuckey
|
Batting: LHB José Sánchez
|
0-0: Called Strike 0-1: Ball 1-1: Foul Ball, location: 2F 1-2: SINGLE (Line Drive, 8LS)
|
Batting: SHB Jesús Ramírez
|
0-0: Ball 1-0: Foul Ball, location: 2F 1-1: Called Strike 1-2: Ball 2-2: Ball 3-2: Base on Balls José Sánchez to second
|
Batting: LHB Arturo Molina
|
0-0: Called Strike 0-1: Swinging Strike 0-2: Ball 1-2: Ball 2-2: Grounds into double play, 4-6-3 (Groundball, 4) José Sánchez to third
|
Batting: LHB Chris Miller
|
0-0: Called Strike 0-1: Foul Ball, location: 2F 0-2: Ball 1-2: Ball 2-2: Ball 3-2: SINGLE (Groundball, 5D) José Sánchez scores
|
Batting: RHB Raúl Soto
|
0-0: Ball 1-0: Ball 2-0: Swinging Strike 2-1: Foul Ball, location: 2F 2-2: Strikes out swinging
|
Bottom of the 4th over - 1 run(s), 2 hit(s), 0 error(s), 1 left on base; Maui 1 - Birmingham 2 |
TOP OF THE 5TH |
Maui Tropics batting - Pitching for Birmingham Steeldogs : RHP Arthur Green
|
Pitching: RHP José Ruíz
|
|
Batting: LHB Henry Huffman
|
0-0: SINGLE (Line Drive, 78S)
|
Batting: SHB Tom Stevens
|
0-0: Ball 1-0: Foul Ball, location: 2F 1-1: Grounds into double play, 1-4-3 (Groundball, 13S)
|
Batting: RHB Phil White
|
0-0: Ball 1-0: Fly out, F6 (Line Drive, 6)
|
Top of the 5th over - 0 run(s), 1 hit(s), 0 error(s), 0 left on base; Maui 1 - Birmingham 2 |
BOTTOM OF THE 5TH |
Birmingham Steeldogs batting - Pitching for Maui Tropics : RHP Pat Stuckey
|
Pitching: RHP Chuk-yan Zhuan
|
|
Batting: LHB Mitchell Oglethorpe
|
0-0: Called Strike 0-1: Swinging Strike 0-2: Ball 1-2: Foul Ball, location: 2F 1-2: Foul Ball, location: 2F 1-2: Foul Ball, location: 2F 1-2: SINGLE (Groundball, 3D)
|
Batting: SHB Masafumi Azuma
|
0-0: Ball 1-0: Ball 2-0: Called Strike 2-1: Fly out, F8 (Flyball, 78M)
|
Batting: LHB Glenn Garrett
|
0-0: Called Strike 0-1: SINGLE (Line Drive, 7LS) Mitchell Oglethorpe to second Mitchell Oglethorpe to third
|
Batting: RHB Jorge Canó
|
0-0: Ball Wild Pitch! Mitchell Oglethorpe scores Glenn Garrett to second 1-0: Ball 2-0: Called Strike 2-1: Ground out 4-3 (Groundball, 4MD) Glenn Garrett to third
|
Batting: LHB José Sánchez
|
0-0: Ball 1-0: Ball 2-0: Fly out, F7 (Popup, 7LS)
|
Bottom of the 5th over - 1 run(s), 2 hit(s), 0 error(s), 1 left on base; Maui 1 - Birmingham 3 |
TOP OF THE 6TH |
Maui Tropics batting - Pitching for Birmingham Steeldogs : RHP José Ruíz
|
Batting: LHB Mario Olivares
|
0-0: Ball 1-0: Called Strike 1-1: Fly out, F2 (Popup, 2LF)
|
Batting: LHB Juan Jose Rojas
|
0-0: Foul Ball, location: 2F 0-1: Ball 1-1: Foul Ball, location: 2F 1-2: Ball 2-2: Ball 3-2: Foul Ball, location: 2F 3-2: Base on Balls
|
Batting: RHB Jesús Espinoza
|
0-0: Foul Ball, location: 2F 0-1: Ball 1-1: Ball 2-1: Swinging Strike 2-2: Strikes out swinging
|
Batting: LHB Luis Antonio Torres
|
0-0: Foul Ball, location: 2F 0-1: Ball 1-1: Called Strike 1-2: Ball 2-2: Foul Ball, location: 2F 2-2: Ball 3-2: Ground out U3 (Groundball, 3S)
|
Top of the 6th over - 0 run(s), 0 hit(s), 0 error(s), 1 left on base; Maui 1 - Birmingham 3 |
BOTTOM OF THE 6TH |
Birmingham Steeldogs batting - Pitching for Maui Tropics : RHP Chuk-yan Zhuan
|
Batting: SHB Jesús Ramírez
|
0-0: Ball 1-0: Swinging Strike 1-1: Ball 2-1: Foul Ball, location: 2F 2-2: DOUBLE (Groundball, 3L)
|
Batting: LHB Arturo Molina
|
0-0: Ball 1-0: 2-RUN HOME RUN (Flyball, 8LXD), Distance : 437 ft
|
Pitching: RHP Tony Marrero
|
|
Batting: LHB Chris Miller
|
0-0: Swinging Strike 0-1: Ball 1-1: Ball 2-1: Ball 3-1: Foul Ball, location: 2F 3-2: DOUBLE (Flyball, 7D)
|
Batting: RHB Raúl Soto
|
0-0: Ball 1-0: Foul Ball, location: 2F 1-1: Ball 2-1: Swinging Strike 2-2: Foul Ball, location: 2F 2-2: Fly out, F6 (Popup, 15)
|
Batting: LHB Mitchell Oglethorpe
|
0-0: Intentional Walk
|
Batting: SHB Masafumi Azuma
|
0-0: Called Strike 0-1: Fielders Choice at 2nd, 1-6 (Groundball, 15S) Chris Miller to third
|
Pinch Hitting: RHB Eric Johnson
|
0-0: Ball 1-0: Called Strike 1-1: Ball 2-1: Foul Ball, location: 2F 2-2: Strikes out swinging
|
Bottom of the 6th over - 2 run(s), 3 hit(s), 0 error(s), 2 left on base; Maui 1 - Birmingham 5 |
TOP OF THE 7TH |
Maui Tropics batting - Pitching for Birmingham Steeldogs : RHP José Ruíz
|
Pitching: RHP Jim Hicks
|
|
Now in CF: Eric Johnson
|
|
Batting: LHB Juan Carlos Sánchez
|
0-0: Called Strike 0-1: Foul Ball, location: 2F 0-2: Ball 1-2: Ball 2-2: Strikes out swinging
|
Batting: LHB Doyle Otterburn
|
0-0: Called Strike 0-1: Ball 1-1: Ball 2-1: Ground out 4-3 (Groundball, 4)
|
Batting: LHB Henry Huffman
|
0-0: Ball 1-0: Ball 2-0: Called Strike 2-1: Foul Ball, location: 2F 2-2: Foul Ball, location: 2F 2-2: SINGLE (Groundball, 56D)
|
Batting: SHB Tom Stevens
|
0-0: Called Strike 0-1: Foul Ball, location: 2F 0-2: Ball 1-2: Fielders Choice at 2nd, U6 (Groundball, 6M)
|
Top of the 7th over - 0 run(s), 1 hit(s), 0 error(s), 1 left on base; Maui 1 - Birmingham 5 |
BOTTOM OF THE 7TH |
Birmingham Steeldogs batting - Pitching for Maui Tropics : RHP Tony Marrero
|
Pinch Hitting: SHB John Miller
|
0-0: Ball 1-0: Ground out 2-3 (Groundball, 2R)
|
Batting: RHB Nick Webb
|
0-0: Called Strike 0-1: Ball 1-1: Foul Ball, location: 2F 1-2: Ground out 4-3 (Groundball, 4M)
|
Pinch Hitting: RHB Paço Ttes
|
0-0: Ground out 4-3 (Groundball, 4)
|
Bottom of the 7th over - 0 run(s), 0 hit(s), 0 error(s), 0 left on base; Maui 1 - Birmingham 5 |
TOP OF THE 8TH |
Maui Tropics batting - Pitching for Birmingham Steeldogs : RHP Jim Hicks
|
Now at 2B: Paço Ttes
|
|
Now at 3B: John Miller
|
|
Batting: RHB Phil White
|
0-0: Swinging Strike 0-1: Called Strike 0-2: Ground out 1-3 (Groundball, 13S)
|
Pinch Hitting: RHB Fernando Díaz
|
0-0: Ball 1-0: Ball 2-0: Foul Ball, location: 2F 2-1: Called Strike 2-2: Foul Ball, location: 2F 2-2: Fly out, F8 (Flyball, 8LM)
|
Batting: LHB Juan Jose Rojas
|
0-0: Ball 1-0: Ball 2-0: Fly out, F8 (Flyball, 8LXD)
|
Top of the 8th over - 0 run(s), 0 hit(s), 0 error(s), 0 left on base; Maui 1 - Birmingham 5 |
BOTTOM OF THE 8TH |
Birmingham Steeldogs batting - Pitching for Maui Tropics : RHP Tony Marrero
|
Pitching: RHP Todd Howell
|
|
Now in CF: Jung-ha Kim
|
|
Batting: LHB Arturo Molina
|
0-0: Ball 1-0: Ball 2-0: Called Strike 2-1: Ball 3-1: Base on Balls
|
Pinch Hitting: RHB Michael Swanson
|
0-0: Sac Bunt - play at first, batter OUT! 1-4 Arturo Molina to second
|
Pinch Hitting: LHB John Haney
|
0-0: Called Strike 0-1: Called Strike 0-2: Foul Ball, location: 2F 0-2: Ball 1-2: Ball 2-2: Ball 3-2: Base on Balls
|
Pinch Hitting: LHB Marc May
|
0-0: Ball 1-0: Foul Ball, location: 2F 1-1: Foul Ball, location: 2F 1-2: Ball 2-2: Ball 3-2: Foul Ball, location: 2F 3-2: SINGLE (Line Drive, 8RS) Arturo Molina to third John Haney to second Runner from 3rd tries for Home, SAFE, throw made home
|
Batting: SHB Masafumi Azuma
|
0-0: Ball 1-0: Fly out, F7 (Flyball, 78D)
|
Batting: RHB Eric Johnson
|
0-0: DOUBLE (Groundball, 5L) John Haney scores Marc May to third
|
Batting: SHB John Miller
|
0-0: Ball 1-0: Ball 2-0: Ball 3-0: Base on Balls
|
Batting: RHB Nick Webb
|
0-0: Ball 1-0: Ground out 4-3 (Groundball, 34)
|
Bottom of the 8th over - 2 run(s), 2 hit(s), 0 error(s), 3 left on base; Maui 1 - Birmingham 7 |
TOP OF THE 9TH |
Maui Tropics batting - Pitching for Birmingham Steeldogs : RHP Jim Hicks
|
Now at C: David Raymos
|
|
Now at 1B: Michael Swanson
|
|
Now in CF: John Haney
|
|
Now in RF: Marc May
|
|
Pinch Hitting: RHB António Martínez
|
0-0: Called Strike 0-1: Ball 1-1: Ball 2-1: Ball 3-1: Base on Balls
|
Pinch Hitting: RHB Juan Jose Guevana
|
0-0: Foul Ball, location: 2F 0-1: Ball 1-1: SINGLE (Line Drive, 6D) António Martínez to second
|
Batting: RHB Armando Martínez
|
0-0: Ball 1-0: Ball 2-0: Ball 3-0: Called Strike 3-1: Base on Balls António Martínez to third Juan Jose Guevana to second
|
Pinch Hitting: LHB Javier Espinoza
|
0-0: Ball 1-0: Called Strike 1-1: Ball 2-1: Ball 3-1: Foul Ball, location: 2F 3-2: Foul Ball, location: 2F 3-2: Base on Balls António Martínez scores Juan Jose Guevana to third Armando Martínez to second
|
Pitching: RHP David Simpson
|
|
Pinch Hitting: RHB Juan Alberto
|
0-0: Foul Ball, location: 2F 0-1: Ball 1-1: Foul Ball, location: 2F 1-2: Fly out, F9 (Popup, 4D)
|
Pinch Hitting: RHB Pat Haynes
|
0-0: Called Strike Single, Error in OF, E9, batter to second base Juan Jose Guevana scores Armando Martínez scores Javier Espinoza to third
|
Pinch Hitting: RHB Edward Williams
|
0-0: Ball 1-0: Ball 2-0: Ball 3-0: Called Strike 3-1: Fly out, F9 (Flyball, 9S)
|
Batting: RHB Jung-ha Kim
|
0-0: Fly out, F8 (Flyball, 8LS)
|
Top of the 9th over - 3 run(s), 2 hit(s), 1 error(s), 2 left on base; Maui 4 - Birmingham 7 |
|